 Dungeon Crawl Stone Soup version 0.23.1-37-gaa34b87 (webtiles) character file.

Game seed: 9353928738185582000

56709 dengdeng the Severer (level 14, -5/199 HPs)
             Began as a Hill Orc Berserker on Mar 22, 2019.
             Was the Champion of Trog.
             Slain by an orc warrior
             ... wielding a +0 halberd
             ... led by an orc high priest
              (19 damage)
             ... on level 1 of the Orcish Mines on Mar 23, 2019.
             The game lasted 01:11:49 (18736 turns).

dengdeng the Severer (Hill Orc Berserker)          Turns: 18736, Time: 01:11:50

Health: -5/199     AC: 25    Str: 30    XL:     14   Next: 82%
Magic:  0/14       EV: 10    Int:  7    God:    Trog [******]
Gold:   351        SH:  0    Dex: 13    Spells: 13/13 levels left

rFire    + . .     SeeInvis +   f - +4 battleaxe (chop)
rCold    . . .     Gourm    .   (shield currently unavailable)
rNeg     + . .     Faith    .   z - +3 plate armour {rF+}
rPois    +         Spirit   +   O - +2 helmet of Cigibb {rPois rN+}
rElec    .         Reflect  .   s - scarf {Spirit}
rCorr    .         Harm     .   B - +0 pair of gloves
MR       +....                  J - +0 pair of boots
Stlth    ..........             W - amulet of regeneration
HPRegen  0.83/turn              r - +3 ring of dexterity
MPRegen  0.14/turn              p - ring of see invisible

@: berserking, very quick
A: no striking features
a: Berserk, Trog's Hand, Brothers in Arms, Renounce Religion, Convert to Beogh


You were on level 1 of the Orcish Mines.
You worshipped Trog.
Trog was exalted by your worship.
You were very hungry.

You visited 2 branches of the dungeon, and saw 17 of its levels.

You collected 1206 gold pieces.
You spent 855 gold pieces at shops.

Inventory:

Hand Weapons
 f - a +4 battleaxe of chopping (weapon)
 C - a +8 glaive of flaming
 S - a +2 antimagic battleaxe
 T - a +3 great sword of holy wrath
Missiles
 b - 5 tomahawks of returning (quivered)
 e - 287 stones
 i - 7 javelins
 X - 14 tomahawks
Armour
 s - a scarf of spirit shield (worn)
 z - a +3 plate armour of fire resistance (worn)
 A - a +0 shield
 B - a +0 pair of gloves (worn)
 J - a +0 pair of boots (worn)
 M - a +0 large shield
 O - the +2 helmet of Cigibb (worn) {rPois rN+}
   (You found it on level 8 of the Dungeon)

   It protects you from poison.
   It protects you from negative energy.
Jewellery
 j - a cursed ring of attention {unknown}
 p - a ring of see invisible (right hand)
 r - a +3 ring of dexterity (left hand)
 v - a +2 ring of intelligence {unknown}
 x - an uncursed ring of ice {unknown}
 H - an uncursed ring of stealth
 P - an uncursed ring of resist corrosion
 R - an uncursed ring of poison resistance
 W - an amulet of regeneration (around neck)
Wands
 a - a wand of flame (25)
 o - a wand of disintegration (11)
Scrolls
 k - 7 scrolls of identify
 l - 5 scrolls of magic mapping
 q - 4 scrolls of enchant weapon
 w - 4 scrolls of blinking
 y - 4 scrolls of remove curse
 D - 3 scrolls of amnesia
 F - a scroll of fear
 Q - a scroll of acquirement
Potions
 d - 5 potions of curing {unknown}
 g - a potion of flight {unknown}
 h - 2 potions of brilliance {unknown}
 m - 2 potions of lignification {unknown}
 n - a potion of ambrosia {unknown}
 t - 2 potions of haste {unknown}
 u - a potion of berserk rage {unknown}
 E - 3 potions of agility {unknown}
 G - 2 potions of heal wounds {unknown}
 I - 2 potions of mutation {unknown}
 L - 2 potions of might
 N - a potion of degeneration {unknown}
Miscellaneous
 V - a lightning rod (4/4)
Comestibles
 c - 19 rations
 K - 19 chunks of flesh


   Skills:
 + Level 14.8 Fighting
 - Level 20.0(20.7) Axes
 * Level 8.9(14.1) Polearms
 + Level 0.6 Throwing
 + Level 12.7 Armour
 + Level 4.2 Dodging
 + Level 1.6 Stealth


You had 13 spell levels left.
You didn't know any spells.
Your spell library was empty.

Dungeon Overview and Level Annotations

Branches:
Dungeon (15/15)            Temple (0/1) D:4            Lair (0/6) D:9
    Orc (2/2) D:10            Elf (0/3) Orc:2        Vaults (0/5) D:13
 Depths (0/5) D:15

Altars:
Ashenzari
Cheibriados
Fedhas
Okawaru
Qazlal
Zin
The Shining One

Shops:
D:5 [   D:10 =   D:13 ?   D:14 [


Message History

The orc warrior hits you from afar with a +0 halberd!
* * * LOW HITPOINT WARNING * * *
Found 35 gold pieces.
You see here a +0 halberd.
You hit the orc warrior.
The orc warrior is heavily wounded.
You slice the orc warrior!!
The orc warrior hits you with a +0 short sword!
* * * LOW HITPOINT WARNING * * *
You slash the orc warrior!
The orc warrior is almost dead.
You slash the orc!
You feel the power of Trog in you as your rage grows.
You kill the orc!
Trog accepts your kill.
You slash the orc warrior!
You kill the orc warrior!
Trog accepts your kill.
The orc warrior hits you with a +0 halberd!!
You die...

#... .#...# ...$..
...... $.....#####
......))).##
#..o)o...#
##..))).###
#.oo@)...#
#.....)...####
...........###.##
..........###...# #
.........###...###
##
.......####......###
##. #.$..##
#......##.# #..
....$
###......#####.
###.......)......


You could see 2 orc warriors, an orc priest and an orc.

Vanquished Creatures
  An orc warlord (Orc:1)
  A stone giant (Orc:2)
  A dire elephant (D:15)
  Josephine (D:14)
  Fannar (Orc:1)
  A rakshasa (D:14)
  A hydra (D:14)
  5 centaur warriors
  6 two-headed ogres
  A death knight (D:15)
  2 dancing weapons (D:13)
  Erica (D:10)
  A tengu warrior (D:12)
  2 orc high priests (Orc:1)
  2 skeletal warriors (D:15)
  6 unseen horrors
  3 orc knights
  A wolf spider (D:15)
  A deep elf mage (D:13)
  8 ugly things
  2 wolf spider zombies
  3 manticores
  5 cyclopes
  A salamander (D:15)
  Joseph (D:9)
  A centaur skeleton (D:12)
  A gargoyle (D:11)
  2 freezing wraiths (D:15)
  2 polar bears (D:10)
  10 trolls
  A hornet (D:15)
  5 slime creatures
  A meliai zombie (D:14)
  3 hippogriffs
  2 centaur simulacra (D:10)
  3 wyverns
  8 wraiths
  26 yaks
  3 hungry ghosts
  12 vampire mosquitoes
  4 wargs
  An acid dragon (D:12)
  A soldier ant (D:13)
  2 water moccasins
  2 ice beasts
  A black bear (D:9)
  A meliai simulacrum (D:10)
  25 orc warriors
  An eye of draining (D:14)
  5 sky beasts
  3 necrophages
  The ghost of sdfsdf the Chopper, an amateur HOFi (D:3)
  19 ogres
  2 phantoms
  A wolf (D:10)
  22 centaurs
  2 crocodiles
  Blork the orc (D:4)
  A big kobold (D:7)
  5 bullfrogs
  3 gnoll sergeants
  A water moccasin skeleton (D:7)
  15 killer bees
  2 electric eels (D:10)
  5 wights (D:15)
  4 howler monkeys
  4 crimson imps
  5 quasits
  4 bullfrog zombies
  6 hounds
  7 jellies
  16 orc wizards
  A gnoll shaman (D:6)
  13 orc priests
  3 bullfrog skeletons
  Terence (D:3)
  2 iguanas
  6 worker ants
  3 killer bee zombies
  2 bullfrog simulacra (D:12)
  A hound skeleton (D:8)
  A hound zombie (D:11)
  A killer bee simulacrum (D:10)
  Robin (D:2)
  17 gnolls
  13 adders
  A hound simulacrum (D:10)
  5 shadow imps
  3 white imps (D:10)
  8 oozes
  An adder zombie (D:7)
  An adder skeleton (D:8)
  3 worms
  3 dart slugs
  3 leopard geckos
  78 orcs
  A ball python (D:2)
  5 bats
  8 giant cockroaches
  13 goblins
  7 hobgoblins
  4 jackals (D:5)
  4 kobolds
  6 quokkas
  5 frilled lizards
  A leopard gecko skeleton (D:6)
  2 quokka skeletons
  8 rats
545 creatures vanquished.

Vanquished Creatures (others)
  A hippogriff (D:12)
  An orc (Orc:1)
2 creatures vanquished.

Grand Total: 547 creatures vanquished

Notes
Turn   | Place    | Note
-------+----------+-------------------------------------------
     0 | D:1      | dengdeng the Hill Orc Berserker began the quest for the
                  | Orb.
     0 | D:1      | Reached XP level 1. HP: 19/19 MP: 1/1
   117 | D:1      | Reached XP level 2. HP: 24/27 MP: 2/2
   540 | D:1      | Reached XP level 3. HP: 30/33 MP: 3/3
  1265 | D:2      | Noticed Robin
  1273 | D:2      | Killed Robin
  1273 | D:2      | Reached ** piety under Trog
  1376 | D:2      | Reached skill level 5 in Axes
  1376 | D:2      | Reached XP level 4. HP: 38/40 MP: 4/4
  1750 | D:3      | Found a transporter.
  1770 | D:3      | Noticed sdfsdf's ghost (amateur HOFi)
  1782 | D:3      | Found a transporter.
  2300 | D:3      | Reached XP level 5. HP: 47/47 MP: 5/5
  2305 | D:3      | Noticed Terence
  2314 | D:3      | Killed Terence
  2996 | D:3      | Reached skill level 5 in Fighting
  3000 | D:3      | Reached XP level 6. HP: 56/56 MP: 4/6
  3006 | D:3      | Reached skill level 6 in Axes
  3007 | D:3      | Killed sdfsdf's ghost
  3035 | D:4      | Reached skill level 5 in Armour
  3055 | D:4      | Found a staircase to the Ecumenical Temple.
  3366 | D:4      | Reached *** piety under Trog
  3366 | D:4      | Reached XP level 7. HP: 56/61 MP: 4/7
  3785 | D:4      | Noticed Blork the orc
  3796 | D:4      | Killed Blork the orc
  3796 | D:4      | Reached skill level 7 in Axes
  4435 | D:5      | Entered Level 5 of the Dungeon
  4473 | D:5      | Found Maorghil's Antique Armour Shoppe.
  4473 | D:5      | Noticed a wyvern
  4484 | D:5      | Killed a wyvern
  4484 | D:5      | Reached XP level 8. HP: 21/70 MP: 3/8
  4830 | D:5      | Reached skill level 8 in Axes
  4963 | D:5      | Found an iron altar of Okawaru.
  5213 | D:5      | Found a glowing silver altar of Zin.
  5288 | D:5      | Found a snail-covered altar of Cheibriados.
  5521 | D:6      | Reached skill level 9 in Axes
  6137 | D:6      | Reached skill level 10 in Axes
  6137 | D:6      | Reached XP level 9. HP: 73/78 MP: 9/9
  6475 | D:7      | Reached skill level 11 in Axes
  6475 | D:7      | Reached **** piety under Trog
  7406 | D:8      | Got an encrusted helmet
  7417 | D:8      | Identified the +2 helmet of Cigibb {rPois rN+} (You found
                  | it on level 8 of the Dungeon)
  7608 | D:8      | Found a snail-covered altar of Cheibriados.
  7611 | D:8      | Found a stormy altar of Qazlal.
  7614 | D:8      | Found a blossoming altar of Fedhas.
  7898 | D:8      | Reached skill level 12 in Axes
  8148 | D:9      | Noticed Joseph
  8152 | D:9      | Noticed a two-headed ogre
  8154 | D:9      | Killed Joseph
  8165 | D:9      | Reached XP level 10. HP: 60/90 MP: 5/10
  8166 | D:9      | Killed a two-headed ogre
  8166 | D:9      | Reached skill level 13 in Axes
  8556 | D:9      | Found a shattered altar of Ashenzari.
  8638 | D:9      | Found a staircase to the Lair.
  9200 | D:9      | Reached ***** piety under Trog
  9276 | D:10     | Entered Level 10 of the Dungeon
  9369 | D:10     | Reached skill level 14 in Axes
  9422 | D:10     | Received a gift from Trog
  9558 | D:10     | Reached XP level 11. HP: 45/99 MP: 5/11
  9567 | D:10     | Reached skill level 10 in Fighting
  9903 | D:10     | Found a staircase to the Orcish Mines.
 10241 | D:10     | Found Vamnosiu's Jewellery Shop.
 10243 | D:10     | Noticed Erica
 10262 | D:10     | Killed Erica
 10262 | D:10     | Reached skill level 15 in Axes
 11026 | D:11     | Noticed a two-headed ogre
 11034 | D:11     | Killed a two-headed ogre
 11298 | D:11     | Reached skill level 1 in Stealth
 11301 | D:11     | Noticed a white ugly thing
 11312 | D:11     | Killed a white ugly thing
 11312 | D:11     | Reached skill level 16 in Axes
 11730 | D:11     | Received a gift from Trog
 11833 | D:11     | Noticed a two-headed ogre
 11842 | D:11     | Killed a two-headed ogre
 11883 | D:11     | Noticed a cyclops
 11889 | D:11     | Killed a cyclops
 11889 | D:11     | Reached XP level 12. HP: 77/110 MP: 9/12
 12025 | D:11     | Reached skill level 10 in Armour
 12587 | D:11     | You fall through a shaft!
 12601 | D:12     | Noticed a tengu warrior
 12606 | D:12     | Reached skill level 17 in Axes
 12617 | D:12     | Killed a tengu warrior
 13297 | D:12     | Received a gift from Trog
 13507 | D:12     | Reached skill level 18 in Axes
 14268 | D:13     | Reached XP level 13. HP: 116/118 MP: 11/13
 14292 | D:13     | Found a gate to the Vaults.
 14537 | D:13     | Found Heapsikh's Magic Scroll Shoppe.
 14540 | D:13     | Identified 2 scrolls of acquirement
 14541 | D:13     | Got an ichor-stained hat
 14542 | D:13     | Identified the +0 hat "Eteim" {rC++ MR++ Dex-2} (You
                  | acquired it on level 13 of the Dungeon)
 14664 | D:13     | Reached skill level 19 in Axes
 15505 | D:14     | Noticed a rakshasa
 15519 | D:14     | Killed a rakshasa
 15661 | D:14     | Found a glowing golden altar of the Shining One.
 15694 | D:14     | Received a gift from Trog
 15695 | D:14     | Noticed Josephine
 15701 | D:14     | Reached skill level 20 in Axes
 15707 | D:14     | Killed Josephine
 15810 | D:14     | Found Foskesm's Armour Emporium.
 15813 | D:14     | Reached skill level 1 in Polearms
 15955 | D:14     | Reached XP level 14. HP: 127/130 MP: 14/14
 16242 | D:15     | Entered Level 15 of the Dungeon
 16242 | D:15     | Found a frozen archway.
 16403 | D:15     | Reached skill level 5 in Polearms
 17030 | D:14     | Bought a +3 plate armour of fire resistance for 855 gold
                  | pieces
 17210 | D:15     | Found a staircase to the Depths.
 17210 | D:15     | Noticed a dire elephant
 17228 | D:15     | Killed a dire elephant
 17734 | Orc:1    | Entered Level 1 of the Orcish Mines
 17868 | Orc:1    | Noticed Fannar
 18012 | Orc:1    | Killed Fannar
 18012 | Orc:1    | Reached ****** piety under Trog
 18243 | Orc:2    | Entered Level 2 of the Orcish Mines
 18252 | Orc:2    | Received a gift from Trog
 18270 | Orc:2    | Noticed a stone giant
 18416 | Orc:2    | Killed a stone giant
 18660 | Orc:2    | Found a staircase to the Elven Halls.
 18719 | Orc:1    | Noticed an orc warlord
 18728 | Orc:1    | Killed an orc warlord
 18736 | Orc:1    | Slain by an orc warrior

Skill      XL: |  1  2  3  4  5  6  7  8  9 10 11 12 13 14 |
---------------+-------------------------------------------+-----
Fighting       | 4 5 6 8 9 11 12 13 14 | 14.8
Axes           | 5 6 7 10 12 14 16 18 20 | 20.0
Armour         | 3 4 5 6 7 8 9 11 12 | 12.7
Dodging        | 2 3 4 |  4.2
Stealth        | 1 |  1.6
Polearms       | 2 8 |  8.9
Throwing       | |  0.6

Action                   |  1- 3 |  4- 6 |  7- 9 | 10-12 | 13-15 || total
-------------------------+-------+-------+-------+-------+-------++-------
Melee: Hand axe          |    76 |   125 |    19 |       |       ||   220
       War axe           |       |       |   298 |   106 |       ||   404
       Battleaxe         |       |       |       |   357 |   281 ||   638
       Glaive            |       |       |       |       |   167 ||   167
Throw: Stone             |       |       |    10 |       |       ||    10
       Tomahawk          |       |       |       |     4 |     3 ||     7
Invok: Berserk           |     1 |     1 |     3 |       |     9 ||    14
  Use: Scroll            |       |       |     7 |     6 |     4 ||    17
  Eat: Chunk             |     2 |     8 |    13 |    24 |    19 ||    66
       Ration            |       |       |     1 |       |     1 ||     2
Armor: Ring mail         |    12 |       |       |       |       ||    12
       Scale mail        |    14 |    68 |   136 |    53 |       ||   271
       Plate armour      |       |       |       |   315 |   355 ||   670
Dodge: Dodged            |    47 |   100 |   168 |   279 |   266 ||   860
